Map: King Sejong Station LE

Players

Jethro

  • Race: Protoss Protoss
  • League: Bronze

Gracz - Winner!

  • Race: Protoss Protoss
  • League: Silver

VOD

Have the link to the VOD?

Description

Time

  • Played on: Sept. 30, 2016, 3:05 p.m.
  • Length: 14:57
Show
View Real Time Build Order
Export as new Build Order

Jethro Protoss 

Build Orders:  

Get SALT Encoding   

  12  0:01  Probe (Chrono Boost)  
  13  0:12  Probe (Chrono Boost)  
  14  0:17  Pylon  
  14  0:23  Probe (Chrono Boost)  
  15  0:36  Probe (Chrono Boost)  
  15  0:40  Gateway  
  16  0:54  Probe (Chrono Boost)  
  17  1:04  Assimilator  
  17  1:22  Probe (Chrono Boost)  
  18  1:32  Probe (Chrono Boost)  
  19  1:43  Probe (Chrono Boost)  
  20  1:50  Assimilator  
  20  1:56  Cybernetics Core  
  20  1:58  Gateway  
  20  2:03  Gateway  
  20  2:17  Nexus  
  20  2:21  Forge  
  20  2:26  Pylon  
  20  2:33  Probe (Chrono Boost)  
  21  2:44  Warp Gate, Probe (Chrono Boost)  
  22  2:46  Robotics Facility  
  22  3:03  Adept  
  22  3:04  Adept  
  26  3:18  Pylon  
  26  3:19  Probe (Chrono Boost)  
  27  3:29  Pylon  
  27  3:32  Probe (Chrono Boost)  
  29  3:36  Mothership Core (Chrono Boost)  
  30  3:43  Probe (Chrono Boost)  
  31  3:53  Observer  
  31  3:55  Probe (Chrono Boost)  
  33  4:01  Stalker  
  35  4:04  Adept  
  37  4:12  Twilight Council  
  37  4:44  Protoss Shields Level 1  
  37  4:48  Probe (Chrono Boost)  
  37  4:49  Probe (Chrono Boost)  
  39  4:59  Probe (Chrono Boost)  
  40  5:01  Probe (Chrono Boost)  
  40  5:05  Gateway  
  40  5:06  Gateway  
  41  5:09  Probe (Chrono Boost)  
  41  5:14  Probe (Chrono Boost)  
  43  5:16  Assimilator  
  43  5:20  Probe (Chrono Boost)  
  43  5:21  Assimilator  
  44  5:26  Probe (Chrono Boost)  
  45  5:30  Probe (Chrono Boost)  
  45  5:32  Nexus  
  46  5:40  Blink  
  46  5:56  Immortal  
  50  6:16  Photon Cannon  
  50  6:20  Pylon  
  50  6:32  Pylon  
  50  6:38  Protoss Ground Armor Level 1  
  50  6:51  Probe (Chrono Boost)  
  50  6:52  Probe (Chrono Boost)  
  50  6:53  Probe (Chrono Boost)  
  53  7:02  Probe x2 (Chrono Boost)  
  53  7:05  Probe (Chrono Boost)  
  56  7:12  Probe (Chrono Boost)  
  58  7:17  Probe (Chrono Boost)  
  58  7:21  Robotics Facility  
  58  7:23  Stargate  
  58  7:40  Pylon  
  58  7:41  Resonating Glaives  
  58  7:48  Probe x2 (Chrono Boost)  
  58  7:49  Pylon  
  58  7:50  Probe (Chrono Boost)  
  61  7:59  Probe x2 (Chrono Boost)  
  61  8:02  Stalker x4, Probe (Chrono Boost)  
  61  8:03  Stalker  
  74  8:09  Probe x2 (Chrono Boost)  
  77  8:14  Probe (Chrono Boost)  
  77  8:15  Forge  
  77  8:20  Probe x2 (Chrono Boost)  
  77  8:26  Probe (Chrono Boost)  
  77  8:30  Probe x2 (Chrono Boost)  
  77  8:32  Protoss Ground Weapons Level 1  
  75  8:38  Probe (Chrono Boost)  
  71  9:01  Stalker x5  
  69  9:17  Immortal  
  69  9:21  Charge  
  73  9:25  Protoss Shields Level 2  
  73  9:26  Void Ray  
  81  9:31  Immortal  
  81  9:49  Assimilator  
  81  9:53  Probe (Chrono Boost)  
  81  9:54  Assimilator, Probe (Chrono Boost)  
  81  9:55  Probe (Chrono Boost)  
  81  9:56  Immortal  
  88  10:01  Stalker x4  
  88  10:02  Stalker  
  88  10:04  Probe (Chrono Boost)  
  100  10:07  Probe (Chrono Boost)  
  100  10:11  Pylon  
  100  10:12  Pylon  
  100  10:19  Probe x2 (Chrono Boost)  
  100  10:20  Probe (Chrono Boost)  
  100  10:29  Probe x2 (Chrono Boost)  
  100  10:32  Probe (Chrono Boost)  
  98  10:50  Pylon  
  98  10:51  Pylon  
  98  10:53  Pylon  
  98  11:10  Pylon  
  98  11:12  Pylon, Protoss Ground Weapons Level 2  
  98  11:15  Immortal x2  
  106  11:25  Protoss Air Armor Level 1  
  106  11:26  Protoss Ground Armor Level 2  
  106  11:28  Void Ray  
  110  11:35  Gateway  
  110  11:39  Stargate  
  110  11:42  Stargate  
  110  11:51  Probe (Chrono Boost)  
  111  12:02  Probe (Chrono Boost)  
  112  12:08  Fleet Beacon  
  112  12:10  Void Ray  
  112  12:12  Probe (Chrono Boost)  
  117  12:23  Probe (Chrono Boost)  
  118  12:33  Probe (Chrono Boost)  
  118  12:37  Observer  
  120  12:38  Observer  
  121  12:51  Pylon  
  121  12:54  Pylon  
  103  13:39  Stalker  
  103  13:40  Stalker x4  
  69  14:06  Zealot x5  
  47  14:40  Zealot x5  
Show
View Real Time Build Order
Export as new Build Order

Gracz Protoss - Winner!

Build Orders:  

Get SALT Encoding   

  12  0:01  Probe (Chrono Boost)  
  13  0:17  Pylon  
  13  0:20  Probe (Chrono Boost)  
  14  0:31  Probe (Chrono Boost)  
  14  0:35  Pylon  
  15  0:43  Probe (Chrono Boost)  
  15  0:48  Assimilator  
  16  0:53  Probe (Chrono Boost)  
  18  1:04  Probe (Chrono Boost)  
  18  1:09  Gateway  
  18  1:12  Gateway  
  18  1:22  Gateway  
  18  1:35  Pylon  
  19  1:40  Probe (Chrono Boost)  
  19  1:44  Assimilator  
  19  1:50  Probe (Chrono Boost)  
  20  2:04  Cybernetics Core  
  20  2:21  Nexus  
  20  2:26  Warp Gate  
  20  2:33  Pylon  
  20  2:47  Stargate  
  20  2:54  Probe (Chrono Boost)  
  21  3:02  Sentry  
  24  3:06  Probe (Chrono Boost)  
  24  3:16  Stalker  
  24  3:17  Assimilator  
  24  3:18  Probe (Chrono Boost)  
  27  3:21  Assimilator  
  27  3:30  Probe (Chrono Boost)  
  29  3:42  Probe (Chrono Boost)  
  29  3:45  Probe (Chrono Boost)  
  30  3:54  Stalker  
  30  3:55  Probe (Chrono Boost)  
  33  3:56  Probe (Chrono Boost)  
  34  4:06  Probe (Chrono Boost)  
  34  4:07  Probe (Chrono Boost)  
  36  4:11  Robotics Facility  
  36  4:14  Robotics Facility  
  36  4:19  Probe (Chrono Boost)  
  37  4:27  Stalker x2  
  39  4:33  Twilight Council  
  41  4:38  Probe (Chrono Boost)  
  41  4:39  Probe (Chrono Boost)  
  41  4:42  Stalker  
  41  4:50  Probe (Chrono Boost)  
  41  4:51  Probe (Chrono Boost)  
  47  5:07  Probe (Chrono Boost)  
  47  5:08  Probe (Chrono Boost)  
  47  5:20  Probe x2 (Chrono Boost)  
  49  5:29  Stargate  
  49  5:30  Stargate  
  49  5:39  Observer, Warp Prism  
  49  5:42  Stalker x3  
  58  5:59  Probe x2 (Chrono Boost)  
  58  6:01  Blink  
  58  6:03  Pylon  
  60  6:06  Pylon  
  62  6:11  Probe x2 (Chrono Boost)  
  62  6:25  Forge x2  
  62  6:28  Forge  
  62  6:31  Fleet Beacon  
  62  6:34  Cybernetics Core  
  62  6:37  Probe x2 (Chrono Boost)  
  64  7:16  Stalker x2  
  64  7:18  Stalker  
  64  7:19  Immortal x2  
  70  7:28  Protoss Air Weapons Level 1, Protoss Air Armor Level 1  
  78  8:12  Immortal  
  76  8:51  Stalker  
  76  8:52  Immortal  
  74  9:17  Stalker x2  
  74  9:23  Pylon  
  78  9:41  Stalker  
  78  9:42  Stalker x2, Nexus  
  78  9:44  Pylon  
  84  9:47  Pylon  
  84  9:50  Pylon  
  84  9:53  Pylon  
  84  9:56  Pylon, Void Ray x2  
  84  9:59  Pylon  
  84  10:02  Pylon  
  84  10:05  Void Ray  
  96  10:08  Pylon  
  96  10:10  Pylon  
  96  10:27  Assimilator  
  94  10:33  Assimilator, Void Ray x2  
  98  10:48  Void Ray  
  102  10:57  Stalker  
  102  11:00  Protoss Air Weapons Level 2, Protoss Air Armor Level 2  
  104  11:10  Warp Prism  
  106  11:12  Warp Prism  
  106  11:16  Protoss Ground Weapons Level 1, Protoss Ground Armor Level 1, Void Ray, Protoss Shields Level 1  
  112  11:21  Probe (Chrono Boost)  
  112  11:22  Probe x2 (Chrono Boost)  
  115  11:31  Probe (Chrono Boost), Void Ray  
  121  11:34  Probe x2 (Chrono Boost)  
  122  12:26  Stalker x3  
  128  12:33  Gateway  
  128  12:35  Gateway  
  128  12:36  Gateway, Void Ray x3  
  128  12:41  Gateway  
  142  12:54  Mothership Core (Chrono Boost), Stalker  
  144  13:01  Stalker x2  
  148  13:13  Void Ray x3  
  152  13:50  Void Ray  
Tags
 
Add a new tag
Caveats
  • Supply blocks, unpowered buildings, or Contaminate may cause inaccurate times.
  • Supply counts are checked every 10 seconds.